EL
TRENTON THUNDER @ AKRON RUBBERDUCKS
09/07/2049
 
TOP OF THE 1ST
Trenton Thunder batting - Pitching for Akron RubberDucks : RHP Andy Coats
Pitching: RHP Andy Coats
Batting: LHB Justin O'Neal 0-0: Called Strike
0-1: Swinging Strike
0-2: Ball
1-2: Strikes out swinging
Batting: SHB Corey Penson 0-0: Fly out, F5 (Popup, 25F, EV 93.8 MPH)
Batting: LHB Steve LeGrand 0-0: Foul Ball, location: 2F
0-1: Ball
1-1: Ball
2-1: Ball
3-1: Foul Ball, location: 2F
3-2: Base on Balls
Batting: LHB Dale Anderson 0-0: Called Strike
0-1: Foul Ball, location: 2F
0-2: Strikes out swinging
Top of the 1st over - 0 runs, 0 hits, 0 errors, 1 left on base; Trenton 0 - Akron 0
BOTTOM OF THE 1ST
Akron RubberDucks batting - Pitching for Trenton Thunder : LHP Randy Eisenmann
Pitching: LHP Randy Eisenmann
Batting: RHB Justin Lauderdale 0-0: Ball
1-0: Foul Ball, location: 2F
1-1: Foul Ball, location: 2F
1-2: SINGLE (Line Drive, 5D, EV 93.8 MPH)
Batting: LHB Stu Sornson 0-0: Swinging Strike
0-1: Ball
1-1: Called Strike
1-2: Foul Ball, location: 2F
1-2: Foul Ball, location: 2F
1-2: Fielders Choice at 2nd, 1-6 (Groundball, 13S, EV 68.8 MPH)
Batting: RHB Tristan Wright 0-0: Grounds into double play, 4-6-3 (Groundball, 4, EV 96.2 MPH)
Bottom of the 1st over - 0 runs, 1 hit, 0 errors, 0 left on base; Trenton 0 - Akron 0
TOP OF THE 2ND
Trenton Thunder batting - Pitching for Akron RubberDucks : RHP Andy Coats
Batting: SHB David Stewart 0-0: Called Strike
0-1: Ball
1-1: Ball
2-1: Ball
3-1: Fly out, F8 (Flyball, 8RXD, EV 108.8 MPH)
Batting: RHB Bryan Westray 0-0: Ball
1-0: Ball
2-0: Ball
3-0: Foul Ball, location: 2F
3-1: Base on Balls
Batting: RHB Phil Reeves 0-0: Ball
1-0: Ball
2-0: Fly out, F8 (Flyball, 8RM, EV 90.0 MPH)
Batting: RHB Javier Umanzor 0-0: Called Strike
0-1: Called Strike
0-2: Foul Ball, location: 2F
0-2: Foul Ball, location: 2F
0-2: Ball
1-2: Strikes out looking
Top of the 2nd over - 0 runs, 0 hits, 0 errors, 1 left on base; Trenton 0 - Akron 0
BOTTOM OF THE 2ND
Akron RubberDucks batting - Pitching for Trenton Thunder : LHP Randy Eisenmann
Batting: LHB Costodio Varino 0-0: Ball
1-0: Foul Ball, location: 2F
1-1: Foul Ball, location: 2F
1-2: Ground out 4-3 (Groundball, 4, EV 89.4 MPH)
Batting: RHB Adam McMillen 0-0: Fly out, F9 (Line Drive, 9, EV 92.5 MPH)
Batting: SHB Edwin Dominguez 0-0: SINGLE (Line Drive, 4M, EV 96.9 MPH)
Batting: RHB Kenzo Shinoda 0-0: Foul Ball, location: 2F
0-1: Ball
1-1: Ball
2-1: Called Strike
2-2: Foul Ball, location: 2F
2-2: Fly out, F8 (Flyball, 8RD, EV 91.2 MPH)
Bottom of the 2nd over - 0 runs, 1 hit, 0 errors, 1 left on base; Trenton 0 - Akron 0
TOP OF THE 3RD
Trenton Thunder batting - Pitching for Akron RubberDucks : RHP Andy Coats
Batting: RHB Christian Shearer 0-0: Ball
1-0: Called Strike
1-1: Ground out 6-3 (Groundball, 6, EV 87.5 MPH)
Batting: LHB Justin O'Neal 0-0: Foul Ball, location: 2F
0-1: Ball
1-1: Fly out, F7 (Flyball, 7D, EV 92.5 MPH)
Batting: SHB Corey Penson 0-0: Called Strike
0-1: Swinging Strike
0-2: Ball
1-2: Strikes out swinging
Top of the 3rd over - 0 runs, 0 hits, 0 errors, 0 left on base; Trenton 0 - Akron 0
BOTTOM OF THE 3RD
Akron RubberDucks batting - Pitching for Trenton Thunder : LHP Randy Eisenmann
Batting: LHB Johan de Vries 0-0: Ground out 4-3 (Groundball, 4, EV 98.8 MPH)
Batting: RHB Anibal Casteles 0-0: Called Strike
0-1: Ball
1-1: Foul Ball, location: 2F
1-2: Strikes out looking
Batting: RHB Justin Lauderdale 0-0: Ball
1-0: Ball
2-0: Fly out, F7 (Flyball, 78M, EV 94.4 MPH)
Bottom of the 3rd over - 0 runs, 0 hits, 0 errors, 0 left on base; Trenton 0 - Akron 0
TOP OF THE 4TH
Trenton Thunder batting - Pitching for Akron RubberDucks : RHP Andy Coats
Batting: LHB Steve LeGrand 0-0: DOUBLE (Line Drive, 7LD, EV 102.5 MPH)
Batting: LHB Dale Anderson 0-0: Ball
1-0: Called Strike
1-1: Swinging Strike
1-2: Ball
2-2: Strikes out swinging
Batting: SHB David Stewart 0-0: Foul Ball, location: 2F
0-1: Ball
1-1: Swinging Strike
1-2: Strikes out swinging
Batting: RHB Bryan Westray 0-0: Ground out 5-3 (Groundball, 5, EV 85.6 MPH)
Top of the 4th over - 0 runs, 1 hit, 0 errors, 1 left on base; Trenton 0 - Akron 0
BOTTOM OF THE 4TH
Akron RubberDucks batting - Pitching for Trenton Thunder : LHP Randy Eisenmann
Batting: LHB Stu Sornson 0-0: Fly out, F7 (Flyball, 7, EV 78.8 MPH)
Batting: RHB Tristan Wright 0-0: Swinging Strike
0-1: Called Strike
0-2: Ball
1-2: Ball
2-2: Foul Ball, location: 2F
2-2: Strikes out swinging
Batting: LHB Costodio Varino 0-0: Called Strike
0-1: Ground out U3 (Groundball, 3, EV 83.8 MPH)
Bottom of the 4th over - 0 runs, 0 hits, 0 errors, 0 left on base; Trenton 0 - Akron 0
TOP OF THE 5TH
Trenton Thunder batting - Pitching for Akron RubberDucks : RHP Andy Coats
Batting: RHB Phil Reeves 0-0: Ball
1-0: Ball
2-0: Ball
3-0: Called Strike
3-1: Foul Ball, location: 2F
3-2: Foul Ball, location: 2F
3-2: Base on Balls
Batting: RHB Javier Umanzor 0-0: Fly out, F8 (Flyball, 8LD, EV 97.5 MPH)
Batting: RHB Christian Shearer 0-0: Called Strike
0-1: Foul Ball, location: 2F
0-2: Ball
Phil Reeves is caught stealing 2nd base 2-4
1-2: Strikes out looking
Top of the 5th over - 0 runs, 0 hits, 0 errors, 0 left on base; Trenton 0 - Akron 0
BOTTOM OF THE 5TH
Akron RubberDucks batting - Pitching for Trenton Thunder : LHP Randy Eisenmann
Batting: RHB Adam McMillen 0-0: Called Strike
0-1: Swinging Strike
0-2: Strikes out swinging
Batting: SHB Edwin Dominguez 0-0: Ground out 3-1 (Groundball, 34S, EV 83.1 MPH)
Batting: RHB Kenzo Shinoda 0-0: Called Strike
0-1: Ball
1-1: Called Strike
1-2: Ball
2-2: Foul Ball, location: 2F
2-2: Ball
3-2: Ground out 5-3 (Groundball, 5, EV 83.1 MPH)
Bottom of the 5th over - 0 runs, 0 hits, 0 errors, 0 left on base; Trenton 0 - Akron 0
TOP OF THE 6TH
Trenton Thunder batting - Pitching for Akron RubberDucks : RHP Andy Coats
Batting: LHB Justin O'Neal 0-0: Ball
1-0: Called Strike
1-1: Ball
2-1: Called Strike
2-2: Ball
3-2: Base on Balls
Batting: SHB Corey Penson 0-0: Called Strike
0-1: Foul Ball, location: 2F
0-2: Strikes out swinging
Batting: LHB Steve LeGrand 0-0: Called Strike
Justin O'Neal steals 2nd base (no throw)
0-1: Foul Ball, location: 2F
0-2: Ball
1-2: Ground out 5-3 (Groundball, 5, EV 102.5 MPH)
Batting: LHB Dale Anderson 0-0: Called Strike
0-1: Ball
1-1: SINGLE (Groundball, 4D, EV 105.6 MPH)
Justin O'Neal to third
Runner from 3rd tries for Home, SAFE, throw by CF to home
Batting: SHB David Stewart 0-0: Foul Ball, location: 2F
0-1: Ball
1-1: Called Strike
1-2: Strikes out swinging
Top of the 6th over - 1 run, 1 hit, 0 errors, 1 left on base; Trenton 1 - Akron 0
BOTTOM OF THE 6TH
Akron RubberDucks batting - Pitching for Trenton Thunder : LHP Randy Eisenmann
Batting: LHB Johan de Vries 0-0: Foul Ball, location: 2F
0-1: Foul Ball, location: 2F
0-2: Ball
1-2: Foul Ball, location: 2F
1-2: Fly out, F9 (Line Drive, 89M, EV 102.5 MPH)
Batting: RHB Anibal Casteles 0-0: Ball
1-0: Foul Ball, location: 2F
1-1: Ball
2-1: Ground out 6-3 (Groundball, 6S, EV 80.6 MPH)
Batting: RHB Justin Lauderdale 0-0: Ball
1-0: Ball
2-0: Called Strike
2-1: Foul Ball, location: 2F
2-2: Foul Ball, location: 2F
2-2: Ball
3-2: Foul Ball, location: 2F
3-2: Foul Ball, location: 2F
3-2: Foul Ball, location: 2F
3-2: Base on Balls
Batting: LHB Stu Sornson 0-0: Fly out, F8 (Flyball, 8LM, EV 88.1 MPH)
Bottom of the 6th over - 0 runs, 0 hits, 0 errors, 1 left on base; Trenton 1 - Akron 0
TOP OF THE 7TH
Trenton Thunder batting - Pitching for Akron RubberDucks : RHP Andy Coats
Batting: RHB Bryan Westray 0-0: Ball
1-0: Called Strike
1-1: Ground out 6-3 (Groundball, 6, EV 98.8 MPH)
Batting: RHB Phil Reeves 0-0: Foul Ball, location: 2F
0-1: Ball
1-1: Foul Ball, location: 2F
1-2: Ball
2-2: Foul Ball, location: 2F
2-2: Ball
3-2: Strikes out looking
Batting: RHB Javier Umanzor 0-0: Reached on error, E3 (Groundball, 3L, EV 106.2 MPH)
Batting: RHB Christian Shearer 0-0: Ball
1-0: Ball
2-0: SINGLE (Groundball, 34D, EV 95.0 MPH)
Javier Umanzor to second
Runner from 2nd tries for 3rd, SAFE, throw by RF made to third
Pitching: LHP Jose Carmona
Pinch Hitting: RHB Sam Hubbert 0-0: Ball
1-0: Ball
2-0: Fly out, F8 (Flyball, 78XD, EV 97.5 MPH)
Top of the 7th over - 0 runs, 1 hit, 1 error, 2 left on base; Trenton 1 - Akron 0
BOTTOM OF THE 7TH
Akron RubberDucks batting - Pitching for Trenton Thunder : LHP Randy Eisenmann
Now at 3B: Elmar Adenauer
Batting: RHB Tristan Wright 0-0: Swinging Strike
0-1: Foul Ball, location: 2F
0-2: Strikes out swinging, 2-3 out at first.
Batting: LHB Costodio Varino 0-0: Foul Ball, location: 2F
0-1: Swinging Strike
0-2: Fly out, F9 (Flyball, 89D, EV 93.8 MPH)
Batting: RHB Adam McMillen 0-0: Called Strike
0-1: SINGLE (Line Drive, 78S, EV 96.9 MPH)
Batting: SHB Edwin Dominguez 0-0: Fly out, F7 (Flyball, 78XD, EV 102.5 MPH)
Bottom of the 7th over - 0 runs, 1 hit, 0 errors, 1 left on base; Trenton 1 - Akron 0
TOP OF THE 8TH
Trenton Thunder batting - Pitching for Akron RubberDucks : LHP Jose Carmona
Batting: SHB Corey Penson 0-0: Ball
1-0: Called Strike
1-1: Called Strike
1-2: Strikes out looking
Batting: LHB Steve LeGrand 0-0: Swinging Strike
0-1: Foul Ball, location: 2F
0-2: Foul Ball, location: 2F
0-2: Ground out U3 (Groundball, 3L, EV 89.4 MPH)
Batting: LHB Dale Anderson 0-0: Foul Ball, location: 2F
0-1: Ball
1-1: Foul Ball, location: 2F
1-2: Ball
2-2: Ball
3-2: Strikes out swinging
Top of the 8th over - 0 runs, 0 hits, 0 errors, 0 left on base; Trenton 1 - Akron 0
BOTTOM OF THE 8TH
Akron RubberDucks batting - Pitching for Trenton Thunder : LHP Randy Eisenmann
Batting: RHB Kenzo Shinoda 0-0: Ball
1-0: Ball
2-0: Ball
3-0: Base on Balls
Batting: LHB Johan de Vries 0-0: Bunted foul
0-1: Bunted foul
0-2: Ball
1-2: Fly out, F8 (Flyball, 8RM, EV 90.0 MPH)
Batting: RHB Anibal Casteles 0-0: Ball
1-0: Called Strike
1-1: Swinging Strike
1-2: Ball
2-2: Ball
3-2: Strikes out swinging
Pitching: RHP Jimmy Wilder
Pinch Hitting: SHB Dan Morataya 0-0: Swinging Strike
0-1: Fly out, F9 (Flyball, 89XD, EV 106.9 MPH)
Bottom of the 8th over - 0 runs, 0 hits, 0 errors, 1 left on base; Trenton 1 - Akron 0
TOP OF THE 9TH
Trenton Thunder batting - Pitching for Akron RubberDucks : LHP Jose Carmona
Pitching: RHP David Matheney
Now in RF: Dan Morataya
Batting: SHB David Stewart 0-0: Ball
1-0: Called Strike
1-1: Foul Ball, location: 2F
1-2: Strikes out swinging
Batting: RHB Bryan Westray 0-0: Called Strike
0-1: Ball
1-1: Ball
2-1: SINGLE (Flyball, 4MD, EV 88.8 MPH)
Batting: RHB Phil Reeves 0-0: Called Strike
0-1: Grounds into double play, U6-3 (Groundball, 4MS, EV 89.4 MPH)
Top of the 9th over - 0 runs, 1 hit, 0 errors, 0 left on base; Trenton 1 - Akron 0
BOTTOM OF THE 9TH
Akron RubberDucks batting - Pitching for Trenton Thunder : RHP Jimmy Wilder
Pitching: RHP Antonio Castillo
Batting: LHB Stu Sornson 0-0: Ball
1-0: Ball
2-0: Ball
3-0: Base on Balls
Batting: RHB Tristan Wright 0-0: Fielders Choice at 2nd, 6-4 (Groundball, 56S, EV 91.2 MPH)
Batting: LHB Costodio Varino 0-0: Foul Ball, location: 2F
0-1: Ball
1-1: Swinging Strike
1-2: Foul Ball, location: 2F
1-2: Ball
2-2: Strikes out swinging
Batting: RHB Adam McMillen 0-0: Ball
1-0: Swinging Strike
1-1: Foul Ball, location: 2F
1-2: Ball
2-2: Foul Ball, location: 2F
2-2: Foul Ball, location: 2F
2-2: Strikes out swinging
Bottom of the 9th over - 0 runs, 0 hits, 0 errors, 1 left on base; Trenton 1 - Akron 0
Sunday, July 16th , 2023 - OOTP Baseball 24.6 Build 69